 Dungeon Crawl Stone Soup version 0.30-a0-1163-gf69bf04e7a (webtiles) character file.

Game seed: 2048730980226450580

74 subawu the Trooper (level 4, -5/42 HPs)
             Began as a Minotaur Berserker on Apr 28, 2023.
             Was a Follower of Trog.
             Killed by nerve-wracking pain
             ... invoked by an orc priest
              (11 damage)
             ... on level 2 of the Dungeon.
             The game lasted 00:12:28 (2544 turns).

subawu the Trooper (Minotaur Berserker)             Turns: 2544, Time: 00:12:30

Health: -5/42      AC:  2    Str: 22    XL:     4   Next: 10%
Magic:  3/3        EV: 12    Int:  4    God:    Trog [*.....]
Gold:   124        SH:  0    Dex: 11    Spells: 3/3 levels left

rFire   . . .        a - +0 falchion
rCold   . . .        (no shield)
rNeg    . . .        b - +0 animal skin
rPois   .            (helmet restricted)
rElec   .            (no cloak)
rCorr   .            (no gloves)
SInv    .            (no boots)
Will    .....        (no amulet)
Stlth   +            (no ring)
HPRegen 0.27/turn    (no ring)
MPRegen 0.08/turn

%: no passive effects
@: no status effects
A: horns 2, retaliatory headbutt
a: Renounce Religion, Berserk


You were on level 2 of the Dungeon.
You worshipped Trog.
Trog was aware of your devotion.
You visited 1 branch of the dungeon, and saw 2 of its levels.

You collected 124 gold pieces.

Inventory:

Hand Weapons
 a - a +0 falchion (weapon)
 f - a +0 whip
Missiles
 e - 11 stones (quivered)
Armour
 b - a +0 animal skin (worn)
 d - a +0 robe
 h - a +0 leather armour
 k - a +0 cloak
Scrolls
 c - a scroll of noise {unknown}
 g - 2 scrolls of fog {unknown}
 i - 2 scrolls of teleportation {unknown}
Potions
 j - a potion of degeneration {unknown}


   Skills:
 + Level 5.1 Fighting
 + Level 4.4 Long Blades
 + Level 2.4 Armour
 + Level 2.5 Dodging
 + Level 0.5 Stealth


You had 3 spell levels left.
You didn't know any spells.
Your spell library was empty.

Dungeon Overview and Level Annotations

Branches:
Dungeon (2/15)

Altars:

Annotations:
D:2 1 runed translucent door, Crazy Yiuf, Terence


Innate Abilities, Weirdness & Mutations

You have a pair of horns on your head.
You reflexively headbutt those who attack you in melee.


Message History

The orc shouts!
An orc comes into view. It is wielding a +0 short sword.
The orc priest shouts!
The orc shouts! x2; You hear a shout!
An orc comes into view. It is wielding a +0 short sword.
You see here an orange potion.
An orc comes into view. It is wielding a +0 hand axe.
The orc shouts!
The orc moves out of view.
You hit the orc.
The orc is heavily wounded.
Terence misses you. You furiously retaliate!
You headbutt Terence. The orc closely misses you. The orc misses you.
Terence hits you with a +0 hand axe.
The orc priest calls down the wrath of Beogh upon you.
Pain shoots through your body!
You hit the orc wizard but do no damage.
The orc barely misses you. You furiously retaliate!
You headbutt the orc!
You kill the orc!
Trog accepts your kill. Terence screams, "I want your blood!"
Terence misses you. The orc priest misses you.
The orc hits you with a +0 flail! The orc wizard closely misses you.
You furiously retaliate!
You headbutt the orc wizard!
You hit the orc wizard but do no damage.
The orc wizard is heavily wounded.
The orc wizard casts a spell at you. The magic dart hits you!
Terence hits you with a +0 hand axe. The orc hits you with a +0 flail!
* * * LOW HITPOINT WARNING * * *
The orc priest hits you with a +0 short sword.
* * * LOW HITPOINT WARNING * * *
Unknown command.
You hit the orc.
The orc is moderately wounded.
The orc wizard gestures at you while chanting.
The puff of flame misses you. Terence barely misses you.
The orc closely misses you.
The orc priest calls down the wrath of Beogh upon you.
Pain shoots through your body!
You die...

........†....#
.............#
.............#
.............#######
...................#
............######.#
...................#
)...##..#########)!#
##.....# #....oo@o.#
##....# ..#..o#o@.#
# ##..# .......o..#
# # .# ..........#
.... # ..........#
..## ..#...#..##
#... #........# ##.
#######.# ##


You could see Terence, an orc priest, an orc wizard and 4 orcs.

Vanquished Creatures
  3 adders (D:2)
  2 dart slugs (D:1)
  An orc (D:2)
  A ball python (D:1)
  5 endoplasms
  2 goblins (D:2)
  3 jackals (D:2)
  4 quokkas
  7 bats
  A frilled lizard (D:1)
  4 kobolds
  8 rats
41 creatures vanquished.

Vanquished Creatures (others)
  8 demonic plants (D:2)
8 creatures vanquished.

Grand Total: 49 creatures vanquished

Notes
Turn   | Place    | Note
-------+----------+-------------------------------------------
     0 | D:1      | subawu the Minotaur Berserker began the quest for the Orb.
     0 | D:1      | Reached XP level 1. HP: 19/19 MP: 0/0
   470 | D:1      | Reached skill level 4 in Fighting
   551 | D:1      | Reached XP level 2. HP: 18/27 MP: 1/1
   976 | D:1      | Found a faded altar of an unknown god.
  1944 | D:2      | Reached XP level 3. HP: 16/34 MP: 2/2
  2245 | D:2      | Reached skill level 5 in Fighting
  2245 | D:2      | Reached XP level 4. HP: 33/42 MP: 3/3
  2470 | D:2      | Found a runed translucent door.
  2471 | D:2      | Noticed Crazy Yiuf
  2536 | D:2      | Noticed Terence
  2544 | D:2      | Killed from afar by an orc priest

Illustrated notes

Levels and vault maps discovered:
D:1:      dpeg_arrival_renting, layout_loops_cross, serial_glass,
          glass_columns_b, glass_columns_a, chequers_ecumenical_altar_island,
          serial_park_tiny_1
D:2:      cheibrodos_pilgrimage, layout_rooms, dreamdust_princess_corridor,
          minmay_misc_feat_five, uniq_terence, uniq_crazy_yiuf_cottage

Skill      XL: |  1  2  3 |
---------------+----------+-----
Fighting       | 4 5 |  5.1
Long Blades    | 4 |  4.4
Armour         | |  2.4
Dodging        | |  2.5
Stealth        | |  0.5

Action                     |  1- 3 |  4- 6 || total
---------------------------+-------+-------++-------
  Melee: Falchion          |    63 |    11 ||    74
         Headbutt          |     8 |       ||     8
         Punch             |     1 |       ||     1
 Armour: Animal skin       |    29 |    10 ||    39
  Dodge: Dodged            |    88 |    39 ||   127

Table legend: (Time is in decaauts)
 A = Elapsed time spent in this place.
 B = Non-inter-level travel time spent in this place.
 C = Inter-level travel time spent in this place.
 D = Time resting spent in this place.
 E = Time spent auto-exploring this place.
 F = Levels seen in this place.
 G = Mean time per level.
                   A        B        C        D        E       F      G
               +--------+--------+--------+--------+--------+-----+--------+
         Total |   2559 |   2064 |    495 |    753 |      0 |   2 | 1279.5 |
       Dungeon |   2559 |   2064 |    495 |    753 |      0 |   2 | 1279.5 |
               +--------+--------+--------+--------+--------+-----+--------+

Top non-repeatable levels by time:
     D:1: 1447 daAuts
     D:2: 1112 daAuts
